Map: King's Cove LE

Players

ZenYak

  • Race: Terran Terran
  • League: Diamond
  • Spawn Location: 5:00

disieh - Winner!

  • Race: Terran Terran
  • League: Diamond
  • Spawn Location: 11:00

VOD

Have the link to the VOD?

Description

Time

  • Played on: June 10, 2019, 12:34 p.m.
  • Length: 10:25
Show
View Real Time Build Order
Export as new Build Order

ZenYak Terran 

Build Orders: Cyclone Opening, Mech 

Get SALT Encoding   

  12  0:00  SCV  
  13  0:12  SCV  
  14  0:18  Supply Depot  
  14  0:27  SCV  
  15  0:32  Refinery  
  15  0:40  SCV  
  16  0:47  Barracks  
  16  0:55  SCV  
  17  1:08  SCV  
  18  1:11  Refinery  
  18  1:25  SCV  
  20  1:40  Orbital Command  
  20  1:41  Reaper  
  20  1:49  Factory  
  20  1:52  Supply Depot  
  20  2:06  SCV  
  21  2:13  Barracks Tech Lab  
  21  2:18  SCV  
  22  2:30  Supply Depot  
  22  2:33  SCV  
  22  2:36  Starport  
  23  2:45  SCV  
  23  2:48  Cyclone  
  28  2:58  SCV  
  28  3:17  Barracks Reactor  
  27  3:33  Command Center  
  27  3:36  SCV  
  28  3:44  Hellion  
  28  3:48  SCV  
  31  4:00  SCV  
  25  4:20  SCV  
  24  4:32  SCV  
  24  4:33  Viking x2  
  24  4:34  Siege Tank  
  32  4:44  SCV  
  33  4:47  Orbital Command  
  33  4:56  SCV  
  34  5:03  Viking x2  
  38  5:17  SCV x2  
  40  5:25  Siege Tank  
  43  5:29  SCV x2  
  45  5:40  Viking x2  
  45  5:41  SCV x2  
  51  5:53  SCV x2, Supply Depot  
  53  6:06  SCV  
  54  6:15  SCV  
  54  6:17  Supply Depot x2  
  56  6:18  SCV  
  56  6:27  SCV  
  56  6:30  SCV  
  58  6:36  Factory  
  58  6:39  Factory, SCV  
  59  6:40  Barracks Tech Lab  
  59  6:48  Starport Reactor  
  59  6:51  SCV x2  
  61  6:58  Refinery  
  61  7:00  Refinery  
  61  7:03  SCV x2  
Show
View Real Time Build Order
Export as new Build Order

disieh Terran - Winner!

Build Orders:  

Get SALT Encoding   

  12  0:01  SCV  
  13  0:13  SCV  
  14  0:20  Supply Depot  
  14  0:25  SCV  
  15  0:29  Refinery  
  15  0:42  SCV  
  16  0:49  Barracks  
  16  0:54  SCV  
  17  1:04  Refinery  
  17  1:11  SCV  
  18  1:23  SCV  
  19  1:36  Factory  
  19  1:37  Orbital Command  
  19  1:39  Reaper  
  20  1:50  Supply Depot  
  20  2:02  SCV  
  21  2:11  Reaper  
  21  2:14  SCV  
  23  2:20  Hellion  
  25  2:31  SCV  
  26  2:43  Reaper, Hellion  
  29  2:50  Command Center  
  29  2:53  SCV  
  30  2:59  Supply Depot  
  30  3:05  SCV  
  31  3:07  Factory Tech Lab  
  31  3:17  Barracks Reactor  
  31  3:19  Starport  
  29  3:28  Cyclone  
  32  3:40  SCV  
  31  4:03  Marine x2  
  31  4:05  Siege Tank  
  35  4:21  Marine x2  
  35  4:23  Orbital Command  
  36  4:24  SCV  
  36  4:28  Starport Tech Lab  
  36  4:31  Barracks  
  36  4:36  SCV  
  36  4:38  Siege Tank  
  40  4:39  Marine  
  40  4:41  Marine  
  42  4:47  Raven  
  42  4:48  SCV  
  45  4:55  Command Center  
  45  4:56  SCV  
  46  5:00  SCV  
  46  5:04  Marine  
  46  5:05  Marine  
  49  5:08  SCV  
  49  5:11  Siege Tank  
  49  5:12  SCV  
  54  5:27  Supply Depot  
  54  5:28  Supply Depot  
  54  5:40  Supply Depot  
  54  5:42  Supply Depot  
  54  5:48  SCV x2, Marine x3, Raven, Refinery  
  54  5:49  Refinery  
  61  5:52  Engineering Bay  
  61  5:58  Engineering Bay  
  61  6:00  SCV  
  62  6:05  Siege Tank  
  62  6:06  Marine x2  
  67  6:15  Marine  
  68  6:22  SCV x2  
  70  6:32  Orbital Command  
  70  6:34  SCV  
  70  6:35  Marine x2, Sensor Tower  
  73  6:41  Terran Infantry Weapons Level 1  
  73  6:44  Starport Reactor  
  73  6:45  SCV  
  73  6:46  SCV  
  75  6:48  Marine  
  76  6:55  Marine  
  76  6:56  Marine  
  76  6:57  SCV, Siege Tank  
  76  6:59  SCV x2  
  84  7:07  Supply Depot  
  84  7:08  Terran Infantry Armor Level 1  
  84  7:09  Supply Depot  
  84  7:10  Marine  
  84  7:13  Stimpack  
  70  7:41  Marine x3  
  70  7:42  Medivac, Siege Tank  
  70  7:43  Medivac  
  70  7:47  SCV x3  
  70  7:52  Armory  
  70  7:59  SCV x2, Marine x2  
  70  8:00  Supply Depot  
  70  8:01  Supply Depot, SCV  
  70  8:06  Marine  
  70  8:11  SCV, Barracks  
  70  8:12  Barracks  
  70  8:14  Barracks  
  70  8:15  Medivac x2  
  70  8:17  Marine x2  
  70  8:28  Marine  
  70  8:29  Siege Tank  
  70  8:30  SCV  
  70  8:31  SCV x2  
  70  8:34  Marine  
  70  8:35  Marine  
  70  8:43  Supply Depot, SCV x3  
  70  8:44  Supply Depot  
  70  8:46  Marine  
  70  8:50  Viking x2  
  70  8:52  Marine  
  70  8:53  Marine  
  70  9:00  Barracks Reactor x2  
  70  9:03  Barracks Reactor  
  70  9:04  Marine  
  70  9:10  Marine  
  70  9:11  Marine  
  70  9:17  SCV x3, Command Center  
  70  9:18  Supply Depot  
  70  9:19  Supply Depot  
  70  9:21  Marine  
  70  9:29  SCV  
  70  9:38  Marine  
  70  9:39  Marine x8  
  70  9:40  Siege Tank  
  70  9:41  Viking  
  70  9:45  Viking  
  70  9:56  Marine x2, Refinery  
  70  9:57  SCV x3  
  70  9:58  Refinery  
  70  10:06  Supply Depot  
  70  10:09  Supply Depot  
Tags
 
Composition
Mech
Matchup
TvT
Race
Terran
Spawn Locations
Cross Positions
Add a new tag
Caveats
  • Supply blocks, unpowered buildings, or Contaminate may cause inaccurate times.
  • Supply counts are checked every 10 seconds.